AoeStats
← ElMasterLoncho

Fortress

507619287Analyzed
4v4 RM · 14d ago on Sep 19, 2026· 29m 17s· 8 players
Game mode
Random Map
Map size
Huge
Population
200
Speed
Normal
Resources
Standard
Victory
Conquest
Starting age
Dark Age
Ending age
Imperial Age
RankedLock teamsTeams togetherTeam positionsShared explorationLock speedFull tech treeHidden civsTurbo modeCheats
Victory
Defeat
🇺🇸 Japanese · United States
1234
+12
🇺🇸 Persians · United States
1163
+15
🇺🇸 Magyars · United States
1136
+16
🇺🇸 Tatars · United States
1122
+16
🇨🇴 Celts · Colombia
1199
-17
🇲🇽 Dravidians · Mexico
1171
-16
🇹🇼 Wei · Taiwan
1107
-14
🇲🇽 Chinese · Mexico
1068
-12
jules
8:15 Feudal Age
12:07 Castle Age
10:43 Double-Bit Axe
10:39 Horse Collar
14:04 Loom
15:50 Bow Saw
17:18 Wheelbarrow
Eight
7:42 Feudal Age
12:43 Castle Age
11:00 Double-Bit Axe
11:05 Horse Collar
13:14 Loom
16:48 Wheelbarrow
16:00 Town Watch
GGHatchet
7:40 Feudal Age
11:57 Castle Age
10:00 Double-Bit Axe
10:32 Horse Collar
10:39 Loom
12:06 Gold Mining
12:53 Bow Saw
14:10 Wheelbarrow
20:38 Corvinian Army
23:10 Town Watch
27:40 Imperial Age
25:04 Fletching
25:16 Padded Archer Armor
25:27 Bloodlines
26:56 Gold Shaft Mining
26:25 Bodkin Arrow
27:05 Leather Archer Armor
26:54 Husbandry
28:18 Ballistics
28:44 Conscription
28:31 Thumb Ring
29:46 Scale Barding Armor
29:42 Bracer
Yuyu11 | Elite Krawallkohl
8:38 Feudal Age
9:25 Double-Bit Axe
9:25 Horse Collar
12:21 Castle Age
13:17 Bow Saw
13:36 Gold Mining
13:40 Stone Mining
20:39 Wheelbarrow
22:06 Hand Cart
22:25 Gold Mining
22:26 Stone Mining
22:27 Loom
28:23 Imperial Age
27:25 Scale Barding Armor
27:31 Forging
27:34 Bloodlines
27:24 Husbandry
[GDL]Cemento
7:41 Feudal Age
11:50 Castle Age
10:44 Double-Bit Axe
10:42 Horse Collar
11:46 Gold Mining
13:57 Bow Saw
ElMasterLoncho
0:29 Loom
8:27 Feudal Age
13:01 Castle Age
12:46 Gold Mining
12:57 Fletching
13:58 Wheelbarrow
13:31 Horse Collar
16:30 Hand Cart
SASAYA
BLACK_ROGER
7:44 Feudal Age
11:44 Castle Age
10:04 Horse Collar
10:12 Double-Bit Axe
11:28 Gold Mining
12:38 Bow Saw
12:17 Loom
22:21 Heavy Plow
28:16 Imperial Age
Connection lost

Rejoining the realm…

Still unreachable

The connection could not be restored.

Session expired

The server has moved on; the page needs a fresh start.